 Dungeon Crawl Stone Soup version 0.22-a0-322-g60b3cfd (webtiles) character file.

53 galech the Magician (level 3, -3/26 HPs)
             Began as a Gnoll Wanderer on Apr 5, 2018.
             Slain by a worm (11 damage)
             ... on level 2 of the Dungeon.
             The game lasted 00:03:19 (2078 turns).

galech the Magician (Gnoll Wanderer)                Turns: 2078, Time: 00:03:20

Health: -3/26      AC:  3    Str: 13    XL:     3   Next: 89%
Magic:  11/11      EV: 10    Int: 15    God:
Gold:   63         SH:  9    Dex: 15    Spells: 16/16 levels left

rFire    . . .     SeeInvis .   j - +1 short sword (holy)
rCold    . . .     Gourm    .   a - +0 shield
rNeg     . . .     Faith    .   b - +0 robe
rPois    .         Spirit   .   (no helmet)
rElec    .         Reflect  .   (no cloak)
rCorr    .         Harm     .   h - +0 pair of gloves
MR       .....                  (no boots)
Stlth    ++........             (no amulet)
HPRegen  0.08/turn              (no ring)
MPRegen  0.12/turn              (no ring)

@: no status effects
A: distributed training, fangs 1, strong nose
a: no special abilities


You were on level 2 of the Dungeon.
You were not hungry.

You visited 1 branch of the dungeon, and saw 2 of its levels.

You collected 63 gold pieces.

Inventory:

Hand Weapons
 c - a +0 dagger
 j - a +1 short sword of holy wrath (weapon)
Armour
 a - a +0 shield (worn)
 b - a +0 robe (worn)
 h - a +0 pair of gloves (worn)
Scrolls
 e - a scroll of identify {unknown}
 f - a scroll of blinking {unknown}
Potions
 i - a potion of invisibility {unknown}
 l - a potion of brilliance {unknown}
Comestibles
 d - 3 rations
 g - a chunk of flesh


   Skills:
 + Level 1.0 Fighting
 + Level 1.0 Short Blades
 + Level 1.0 Long Blades
 + Level 1.0 Axes
 + Level 1.0 Maces & Flails
 + Level 1.0 Polearms
 + Level 1.0 Staves
 + Level 1.0 Slings
 + Level 1.0 Bows
 + Level 1.0 Crossbows
 + Level 1.0 Throwing
 + Level 1.0 Armour
 + Level 1.0 Dodging
 + Level 1.0 Stealth
 + Level 4.6 Shields
 + Level 1.0 Unarmed Combat
 + Level 7.1 Spellcasting
 + Level 0.7 Conjurations
 + Level 3.8 Hexes
 + Level 0.7 Charms
 + Level 0.7 Summonings
 + Level 0.7 Necromancy
 + Level 5.4 Translocations
 + Level 0.7 Transmutations
 + Level 0.7 Fire Magic
 + Level 0.7 Ice Magic
 + Level 0.7 Air Magic
 + Level 0.7 Earth Magic
 + Level 0.7 Poison Magic
 + Level 1.0 Invocations
 + Level 1.0 Evocations


You had 16 spell levels left.
You didn't know any spells.

Dungeon Overview and Level Annotations

Branches:
Dungeon (2/15)

Altars:


Innate Abilities, Weirdness & Mutations

Your experience applies equally to all skills.
You have very sharp teeth.
Your uncanny sense of smell can sniff out nearby items.


Message History

You hit the worm.
The worm is heavily wounded.
The worm completely misses you.
You hit the worm.
The worm is severely wounded.
The worm bites you!
You are too injured to fight recklessly!
You are too injured to fight recklessly!
You are too injured to fight recklessly!
You are too injured to fight recklessly!
You are too injured to fight recklessly!
You are too injured to fight recklessly!
You are too injured to fight recklessly!
You are too injured to fight recklessly!
You barely miss the worm.
The worm is heavily wounded.
You barely miss the worm.
The worm is heavily wounded.
The worm bites you!
You die...

......###.............#
......# ##............#
##....# #............#
....######.....#.######
#.......###'####.########
.........................
........###+####.########
........##...# #.#
.##+######...# #@# .#
##...###w# .#
#......#.### .
#.....รท....#
#..w.......# #.)........#
#.##)#.#+### #.##.....
#####.#....#.#


You could see a worm.

Vanquished Creatures
  2 adders
  An ooze (D:1)
  2 dart slugs (D:1)
  A leopard gecko (D:2)
  4 goblins
  3 hobgoblins (D:1)
  A ball python (D:1)
  5 bats
  2 frilled lizards (D:1)
  2 kobolds
  8 rats (D:1)
31 creatures vanquished.

Notes
Turn   | Place    | Note
-------+----------+-------------------------------------------
     0 | D:1      | galech the Gnoll Wanderer began the quest for the Orb.
     0 | D:1      | galech set off with: a +0 shield, a +0 robe, a +0 dagger, a ration
     0 | D:1      | Reached XP level 1. HP: 13/13 MP: 8/8
   153 | D:1      | Reached XP level 2. HP: 17/19 MP: 10/10
   995 | D:1      | Reached XP level 3. HP: 18/25 MP: 11/11
  1780 | D:2      | Reached skill level 1 in Invocations
  2027 | D:2      | Reached skill level 1 in Fighting
  2027 | D:2      | Reached skill level 1 in Short Blades
  2027 | D:2      | Reached skill level 1 in Long Blades
  2027 | D:2      | Reached skill level 1 in Axes
  2027 | D:2      | Reached skill level 1 in Maces & Flails
  2027 | D:2      | Reached skill level 1 in Polearms
  2027 | D:2      | Reached skill level 1 in Staves
  2027 | D:2      | Reached skill level 1 in Slings
  2027 | D:2      | Reached skill level 1 in Bows
  2027 | D:2      | Reached skill level 1 in Crossbows
  2027 | D:2      | Reached skill level 1 in Throwing
  2027 | D:2      | Reached skill level 1 in Armour
  2027 | D:2      | Reached skill level 1 in Dodging
  2027 | D:2      | Reached skill level 1 in Stealth
  2027 | D:2      | Reached skill level 1 in Unarmed Combat
  2027 | D:2      | Reached skill level 1 in Evocations
  2078 | D:2      | Slain by a worm

Vault maps used:
D:1:      onia_arrival_handbag
D:2:      st_stairs_13, uniq_crazy_yiuf_cottage, uniq_terence

Skill      XL: |  1  2  3 |
---------------+----------+-----
Invocations    | 1 |  1.0
Fighting       | 1 |  1.0
Short Blades   | 1 |  1.0
Long Blades    | 1 |  1.0
Axes           | 1 |  1.0
Maces & Flails | 1 |  1.0
Polearms       | 1 |  1.0
Staves         | 1 |  1.0
Slings         | 1 |  1.0
Bows           | 1 |  1.0
Crossbows      | 1 |  1.0
Throwing       | 1 |  1.0
Armour         | 1 |  1.0
Dodging        | 1 |  1.0
Stealth        | 1 |  1.0
Unarmed Combat | 1 |  1.0
Evocations     | 1 |  1.0
Shields        | |  4.6
Spellcasting   | |  7.1
Conjurations   | |  0.7
Hexes          | |  3.8
Charms         | |  0.7
Summonings     | |  0.7
Necromancy     | |  0.7
Translocations | |  5.4
Transmutations | |  0.7
Fire Magic     | |  0.7
Ice Magic      | |  0.7
Air Magic      | |  0.7
Earth Magic    | |  0.7
Poison Magic   | |  0.7

Action                   || total
-------------------------++-------
Melee: Dagger            ||   127
       Bite              ||    16
       Short sword       ||    50
  Use: Potion            ||     1
 Stab: Sleeping          ||     3
  Eat: Chunk             ||     4
Armor: Robe              ||    29
Dodge: Dodged            ||    65
Block: Shield            ||    69

Table legend:
 A = Spawn XP
 B = Non-spawn XP
 C = Spawn XP percentage of total XP
 D = Spawn monster count
 E = Non-spawn monster count
 F = Spawn count percentage of total count
 G = Total turns spent on level
                    A         B        C        D         E        F      G
               +---------+---------+-------+---------+---------+-------+---------
         Total |       0 |      77 |   0.0 |       0 |      31 |   0.0 |  2078
               +---------+---------+-------+---------+---------+-------+---------
           D:1 |       0 |      52 |   0.0 |       0 |      23 |   0.0 |  1656
           D:2 |       0 |      25 |   0.0 |       0 |       8 |   0.0 |   422
               +---------+---------+-------+---------+---------+-------+---------
